 Dungeon Crawl Stone Soup version 0.28-a0-1415-g7c84da036a (webtiles) character file.

Game seed: 17065222833433956956

321 southernslant the Skirmisher (level 6, -3/38 HPs)
             Began as a Gargoyle Gladiator on Jan 7, 2022.
             Slain by a gnoll sergeant (6 damage)
             ... on level 3 of the Dungeon.
             The game lasted 00:06:48 (3664 turns).

southernslant the Skirmisher (Gargoyle Gladiator)   Turns: 3664, Time: 00:06:48

Health: -3/38      AC: 12    Str: 18    XL:     6   Next: 46%
Magic:  6/6        EV: 12    Int:  8    God:
Gold:   241        SH:  0    Dex: 13    Spells: 5/5 levels left

rFire   . . .      SeeInvis .   n - +3 flail (holy)
rCold   . . .      Faith    .   (no shield)
rNeg    + . .      Spirit   .   b - +0 leather armour
rPois   ∞          Reflect  .   c - +0 helmet
rElec   +          Harm     .   (no cloak)
rCorr   .          Rampage  .   m - +2 pair of gloves
Will    .....                   (no boots)
Stlth   ++........              (no amulet)
HPRegen 0.12/turn               (no ring)
MPRegen 0.10/turn               (no ring)

@: no status effects
A: sickness immunity, AC +4, negative energy resistance 1, electricity
resistance, torment resistance 1, petrification resistance
a: no special abilities


You were on level 3 of the Dungeon.
You visited 1 branch of the dungeon, and saw 3 of its levels.

You collected 241 gold pieces.

Inventory:

Hand Weapons
 a - a +0 trident
 n - a +3 flail of holy wrath (weapon)
Missiles
 d - 3 throwing nets (quivered)
 j - 51 stones
 r - a boomerang
Armour
 b - a +0 leather armour (worn)
 c - a +0 helmet (worn)
 m - a +2 pair of gloves (worn)
Scrolls
 e - 4 scrolls of blinking {unknown}
 f - 2 scrolls of identify {unknown}
 h - a scroll of enchant armour {unknown}
 i - a scroll of acquirement {unknown}
 p - a scroll of fear {unknown}
 s - a scroll of noise {unknown}
Potions
 g - a potion of brilliance {unknown}
 l - a potion of flight {unknown}
 o - a potion of heal wounds {unknown}
 q - a potion of lignification {unknown}


   Skills:
 * Level 3.9 Fighting
 * Level 1.7 Maces & Flails
 - Level 3.0 Polearms
 + Level 2.7 Throwing
 * Level 3.2 Armour
 + Level 2.9 Dodging
 + Level 2.1 Stealth


You had 5 spell levels left.
You didn't know any spells.
Your spell library contained the following spells:

 Spells                   Type           Power      Damage    Failure   Level
 Ensorcelled Hibernation  Hex/Ice        0%         N/A       61%         2
 Confusing Touch          Hex            0%         N/A       83%         3
 Spider Form              Tmut/Pois      0%         N/A       83%         3
 Yara's Violent Unravell  Hex/Tmut       0%         3d3       100%        5
 Enfeeble                 Hex            0%         N/A       100%        7


Dungeon Overview and Level Annotations

Branches:
Dungeon (3/15)

Altars:
Xom

Shops:
D:1 [


Innate Abilities, Weirdness & Mutations

You are immune to sickness and miasma.
Your stone body is resilient. (AC +4)
You are immune to poison.
You resist negative energy. (rN+)
You are resistant to electric shocks. (rElec)
You are resistant to unholy torment.
You are immune to petrification.


Message History

You hit the gnoll sergeant but do no damage.
The gnoll sergeant hits you but does no damage.
You closely miss the gnoll sergeant.
The gnoll sergeant hits you with a +0 spear. x2
You closely miss the gnoll sergeant.
The gnoll sergeant hits you with a +0 spear!
You hit the gnoll sergeant.
The gnoll sergeant is lightly wounded.
The gnoll sergeant hits you with a +0 spear!
You closely miss the gnoll sergeant.
The gnoll sergeant is lightly wounded.
The gnoll sergeant hits you with a +0 spear.
The gnoll sergeant hits you but does no damage.
You barely miss the gnoll sergeant.
You punch the gnoll sergeant, but do no damage.
The gnoll sergeant is lightly wounded.
The gnoll sergeant hits you with a +0 spear.
* * * LOW HITPOINT WARNING * * *
You barely miss the gnoll sergeant.
The gnoll sergeant is lightly wounded.
The gnoll sergeant hits you but does no damage.
You sock the gnoll sergeant!
The gnoll sergeant is heavily wounded.
The gnoll sergeant hits you with a +0 spear.
* * * LOW HITPOINT WARNING * * *
You hit the gnoll sergeant.
The gnoll sergeant is severely wounded.
The gnoll sergeant hits you with a +0 spear.
* * * LOW HITPOINT WARNING * * *
The gnoll sergeant hits you but does no damage.
Throw: javelin
Press: ? - help, Q - select action, (/) - cycle Shift-Dir - straight line, f - gnoll sergeant
Aim: a gnoll sergeant, wielding a +0 spear and wearing a +0 ring mail (severely wounded, 67% to hit)
You throw a javelin.
The javelin barely misses the gnoll sergeant.
The gnoll sergeant closely misses you.
You hit the gnoll sergeant.
The gnoll sergeant is severely wounded.
The gnoll sergeant hits you with a +0 spear.
You die...

# #.# #.#######.#### #.##. # #.#
######............## #.##. #
##.###......#######.#.).###.##.
#...........# #.........##.
#..###.###### ###...#......
###..###)######## ##.##...###
...........).)).# ####.##...###
..........#####)#####............
.P..............@g....)(..)......
≈≈≈≈≈≈≈≈≈≈≈≈≈≈≈≈≈≈≈..).≈≈≈≈≈≈≈≈≈≈
≈≈≈≈≈≈≈≈≈≈≈≈≈≈≈≈≈≈≈....≈≈≈≈≈≈≈≈≈≈
≈≈#####≈≈≈≈≈≈≈≈≈≈≈≈....≈≈≈≈≈≈≈≈≈≈
≈≈#oog#..........................
≈≈#.g.#############')''##########
≈≈###g# #.)..# ≈≈≈.#g. #)...#
≈≈≈.# o....'...


You could see a gnoll sergeant.

Vanquished Creatures
  2 howler monkeys (D:3)
  2 gnoll shamans (D:3)
  3 adders
  6 gnolls (D:3)
  2 worms (D:3)
  3 dart slugs
  13 orcs (D:3)
  2 ball pythons (D:2)
  6 endoplasms
  A giant cockroach (D:1)
  6 goblins
  4 hobgoblins
  13 jackals
  3 quokkas
  6 bats
  5 frilled lizards
  3 kobolds (D:2)
  3 rats
83 creatures vanquished.

Vanquished Creatures (others)
  8 plants (D:3)
8 creatures vanquished.

Grand Total: 91 creatures vanquished

Notes
Turn   | Place    | Note
-------+----------+-------------------------------------------
     0 | D:1      | southernslant the Gargoyle Gladiator began the quest for
                  | the Orb.
     0 | D:1      | Reached XP level 1. HP: 12/12 MP: 1/1
   239 | D:1      | Reached XP level 2. HP: 18/18 MP: 2/2
   520 | D:1      | Reached skill level 1 in Armour
   524 | D:1      | Found a faded altar of an unknown god.
   612 | D:1      | Found Irydadw Utuq's Antique Armour Boutique.
  1140 | D:2      | Reached XP level 3. HP: 22/22 MP: 3/3
  1420 | D:2      | Found a shimmering altar of Xom.
  1440 | D:2      | Reached skill level 1 in Stealth
  1606 | D:2      | HP: 1/22 [adder (3)]
  1609 | D:2      | Reached XP level 4. HP: 2/27 MP: 4/4
  2779 | D:3      | Reached XP level 5. HP: 32/32 MP: 5/5
  3132 | D:3      | Reached skill level 1 in Maces & Flails
  3301 | D:3      | Reached XP level 6. HP: 35/38 MP: 6/6
  3664 | D:3      | Slain by a gnoll sergeant

Illustrated notes

Levels and vault maps discovered:
D:1:      sevenhm_arrival_forest_fort_small_6, layout_loops_ring,
          hellmonk_ecumenical_altar_pennies_from_heaven, serial_shops,
          nicolae_shop_overgrown_old_shop
D:2:      minmay_inner_zag, layout_basic, basic_altar
D:3:      lemuel_castle_with_subvaults [lemuel_castle_interior_carwin_3],
          layout_loops_ring, serial_bayou_pond_e

Skill      XL: |  1  2  3  4  5  6 |
---------------+-------------------+-----
Armour         | 1 2 3 |  3.2
Throwing       | 2 |  2.7
Stealth        | 1 2 |  2.1
Fighting       | 3 |  3.9
Polearms       | 3 |  3.0
Maces & Flails | 1 |  1.7
Dodging        | |  2.9

Action                   |  1- 3 |  4- 6 || total
-------------------------+-------+-------++-------
Melee: Trident           |   115 |    28 ||   143
       Flail             |       |   130 ||   130
       Punch             |       |     1 ||     1
Throw: Javelin           |       |     2 ||     2
 Stab: Distracted        |     2 |       ||     2
       Sleeping          |     1 |       ||     1
Armor: Leather armour    |    44 |    79 ||   123
Dodge: Dodged            |    62 |   104 ||   166

Table legend: (Time is in decaauts)
 A = Elapsed time spent in this place.
 B = Non-inter-level travel time spent in this place.
 C = Inter-level travel time spent in this place.
 D = Time resting spent in this place.
 E = Time spent auto-exploring this place.
 F = Levels seen in this place.
 G = Mean time per level.
                   A        B        C        D        E       F      G
               +--------+--------+--------+--------+--------+-----+--------+
         Total |   3735 |   3683 |     52 |      0 |   2629 |   3 | 1245.0 |
       Dungeon |   3735 |   3683 |     52 |      0 |   2629 |   3 | 1245.0 |
               +--------+--------+--------+--------+--------+-----+--------+

Top non-repeatable levels by time:
     D:3: 1452 daAuts
     D:2: 1213 daAuts
     D:1: 1070 daAuts
